cohdb
Replays
Latest Replays
All Replays
Popular Replays
Top Player Replays
Match Explorer
How It Works
Community
CoH3 Stats
Reddit
Sign in to upload your games and track your stats! →
Sign in with Steam
Match 47396722
Unlisted
Match 47396722
Overview
Messages
Build Orders
End
Panzergrenadier Squad
Selects Battlefield Espionage Battlegroup
Panzergrenadier Squad
Construct Light Support Kompanie
Selects Intel Disruption Beacon
MG34 Team
2.5-tonne Medical Truck
Fire Support Elements
Pak 38 Anti-tank Gun Team
Selects Transfer Depots
Construct Panzerarmee Kommand
Panzerpioneer Squad
Panzergrenadier Squad
Selects Firestorm
Selects 250/3 Funkpanzerwagen
Panzerjäger Squad
Pak 38 Anti-tank Gun Team
Panzer III L Medium Tank
Firestorm
Selects Anti-Tank Incendiary Munitions
gokhanasln
Omar Kamel Rock
lexp
punisher5740
Marchiano
FERMENT ` Lucca
avE
FERMENT ' Neoxx
0
0
Comments
sign in to comment!
No comments posted yet!